 Dungeon Crawl Stone Soup version 0.23-a0-143-g1adec7b (webtiles) character file.

629076 tsouns the Slayer (level 27, -4/231 HPs)
             Began as a Demonspawn Artificer on Sept 2, 2018.
             Was an Initiate of Gozag.
             Slain by an acid blob (29 damage)
             ... created by the Royal Jelly
             ... on level 5 of the Pits of Slime on Sept 5, 2018.
             The game lasted 03:48:55 (55867 turns).

tsouns the Slayer (Demonspawn Artificer)           Turns: 55867, Time: 03:48:56

Health: -4/231     AC:  8    Str: 29    XL:     27
Magic:  8/28       EV: 23    Int: 16    God:    Gozag
Gold:   23345      SH: 20    Dex: 26    Spells: 24/26 levels left

rFire    + . .     SeeInvis +   j - +14 obsidian axe {chop, +Fly SInv *Curse}
rCold    + + +     Gourm    .   T - +4 shield "Orry" {rC+ Dex+8}
rNeg     + . .     Faith    .   Y - +9 plate armour of Unwemp {Str+5 Int+2}
rPois    +         Spirit   .   z - +2 hat
rElec    .         Reflect  .   G - +2 cloak {MR+}
rCorr    .         Harm     .   a - +2 pair of gloves {archery}
MR       +++++     Clarity  +   (boots unavailable)
Stlth    ++++++....             l - amulet of the Four Winds {rN+ MR+++ Clar}
HPRegen  5.48/turn              I - ring of Duolorhi {MR+ Dex+4}
MPRegen  0.21/turn              J - ring "Wiuvysed" {rF+ rC+ Dex+2 Stlth+}

@: about to teleport, corroded, gold aura, mesmerised
A: antennae 2, hooves 3, slimy green scales 3, berserk 2, blurry vision 2,
clumsy 1, cold resistance 1, magic resistance 1, nightstalker 3, passive freeze,
powered by death 3, screaming 1, evolution 1, no potion heal 1, freezing cloud
immunity
}: 3/15 runes: decaying, silver, gossamer
a: Potion Petition, Call Merchant, Bribe Branch, Renounce Religion, Evoke Flight


You were on level 5 of the Pits of Slime.
You worshipped Gozag.
Gozag was extremely pleased with you.
You were not hungry.

You visited 10 branches of the dungeon, and saw 52 of its levels.
You visited 1 bazaar.
You also visited: Labyrinth, Trove, Sewer, Ossuary and Wizlab.

You collected 29709 gold pieces.
You spent 4584 gold pieces at shops.
You paid 1780 gold pieces to Gozag.

Inventory:

Hand Weapons
 j - the +14 obsidian axe (weapon) {chop, +Fly SInv *Curse}
   (You found it on level 7 of the Dungeon)

   It inflicts extra damage upon your enemies.
   It lets you see invisible.
   It lets you fly.
   It curses itself when equipped.
 N - the +7 war axe of the Traitor {freeze, *Noise rC+ rN+}
   (You found it on level 2 of the Lair of Beasts)

   It has been specially enchanted to freeze those struck by it, causing extra
   injury to most foes and up to half again as much damage against particularly
   susceptible opponents.
   It can also slow down cold-blooded creatures.
   It protects you from cold.
   It protects you from negative energy.
   It may make noises in combat.
Missiles
 k - 31 javelins (quivered)
Armour
 a - a +2 pair of gloves of archery (worn)
 z - a +2 hat (worn)
 G - a +2 cloak of magic resistance (worn)
 T - the +4 shield "Orry" (worn) {rC+ Dex+8}
   (You took it off Asterion on level 1 of the Depths)

   It affects your dexterity (+8).
   It protects you from cold.
 Y - the +9 plate armour of Unwemp (worn) {Str+5 Int+2}
   (You took it off an orc on level 1 of the Vaults)

   It affects your strength (+5).
   It affects your intelligence (+2).
Jewellery
 e - the brooch of Shielding {Reflect SH+8}
   (You found it on level 3 of the Crypt)

   [amulet of reflection]

   It shields you and reflects attacks.
   It affects your SH (+8).
 l - the amulet of the Four Winds (around neck) {rN+ MR+++ Clar}
   (You took it off an ironbrand convoker on level 5 of the Vaults)

   [amulet of nothing]

   It protects you from negative energy.
   It affects your resistance to hostile enchantments.
   It protects you against confusion.
 I - the ring of Duolorhi (left hand) {MR+ Dex+4}
   (You took it off a deep elf high priest on level 2 of the Depths)

   [ring of dexterity]

   It affects your dexterity (+4).
   It affects your resistance to hostile enchantments.
 J - the ring "Wiuvysed" (right hand) {rF+ rC+ Dex+2 Stlth+}
   (You found it on level 3 of the Crypt)

   [ring of protection from fire]

   It affects your dexterity (+2).
   It protects you from fire.
   It protects you from cold.
   It makes you more stealthy.
 K - an uncursed ring of protection from fire
 P - the amulet of Xom's Amusement {Acrobat rElec rC+ Str-2 Int+3}
   (You found it on level 3 of the Elven Halls)

   [amulet of the acrobat]

   It helps you evade while moving and waiting.
   It affects your strength (-2).
   It affects your intelligence (+3).
   It protects you from cold.
   It insulates you from electricity.
Wands
 d - a wand of enslavement (82)
 v - a wand of iceblast (22)
 y - a wand of clouds (13)
 L - a wand of polymorph (59)
 R - a wand of acid (22)
 X - a wand of paralysis (58)
 Z - a wand of digging (73)
Scrolls
 c - 14 scrolls of remove curse
 f - 4 scrolls of silence
 i - 20 scrolls of teleportation
 m - 2 scrolls of summoning
 p - a scroll of brand weapon
 q - 13 scrolls of enchant weapon
 x - 4 scrolls of fog
 C - 9 scrolls of magic mapping
 D - 7 scrolls of fear
 E - 16 scrolls of identify
 V - 3 scrolls of blinking
 W - 3 scrolls of enchant armour
Potions
 b - 5 potions of cancellation
 g - 2 potions of invisibility
 n - 6 potions of resistance
 o - 12 potions of flight
 r - 4 potions of agility
 s - 16 potions of heal wounds
 t - 7 potions of might
 w - a potion of berserk rage
 B - 20 potions of curing
 F - 5 potions of ambrosia
 U - 9 potions of haste
Miscellaneous
 h - a lamp of fire
 H - 5 sacks of spiders
 M - a phial of floods
 Q - a lightning rod (4/4)
 S - a phantom mirror
Comestibles
 A - 39 rations


   Skills:
 + Level 21.9 Fighting
   Level 1.4 Short Blades
 - Level 18.0 Axes
 - Level 11.0 Throwing
 + Level 18.3 Armour
 + Level 17.2 Dodging
 + Level 16.3 Stealth
 - Level 15.2 Shields
 - Level 6.9 Evocations


You had 24 spell levels left.
You knew the following spells:

 Your Spells              Type           Power        Failure   Level  Hunger
a - Summon Butterflies    Summ           #.......     75%         1    ##.....
b - Apportation           Tloc           #.....       75%         1    ##.....

Your spell library contained the following spells:

 Spells                   Type           Power        Failure   Level  Hunger
 Animate Skeleton         Necr           N/A          75%         1    ##.....
 Confusing Touch          Hex            #.....       75%         1    ##.....
 Corona                   Hex            #......      75%         1    ##.....
 Flame Tongue             Conj/Fire      #....        75%         1    ##.....
 Freeze                   Ice            #...         75%         1    ##.....
 Infusion                 Chrm           #...         75%         1    ##.....
 Magic Dart               Conj           #...         75%         1    ##.....
 Pain                     Necr           #...         75%         1    ##.....
 Shock                    Conj/Air       #...         75%         1    ##.....
 Sting                    Conj/Pois      #...         75%         1    ##.....
 Summon Small Mammal      Summ           #...         75%         1    ##.....
 Blink                    Tloc           N/A          87%         2    ###....
 Call Imp                 Summ           #.......     87%         2    ###....
 Ensorcelled Hibernation  Hex/Ice        #.....       87%         2    ###....
 Passwall                 Tmut/Erth      #.......     87%         2    ###....
 Poisonous Vapours        Pois/Air       #.....       87%         2    ###....
 Searing Ray              Conj           #.....       87%         2    ###....
 Shroud of Golubria       Chrm/Tloc      #.........   87%         2    ###....
 Slow                     Hex            #.......     87%         2    ###....
 Song of Slaying          Chrm           #.......     87%         2    ###....
 Sublimation of Blood     Necr           #.........   87%         2    ###....
 Swiftness                Chrm/Air       #.......     87%         2    ###....
 Throw Flame              Conj/Fire      #.....       87%         2    ###....
 Throw Frost              Conj/Ice       #.....       87%         2    ###....
 Call Canine Familiar     Summ           #.......     98%         3    ####...
 Confuse                  Hex            #.......     98%         3    ####...
 Conjure Flame            Conj/Fire      #.......     98%         3    ####...
 Dazzling Spray           Conj/Hex       #.....       98%         3    ####...
 Gell's Gravitas          Tloc           #.........   98%         3    ####...
 Ignite Poison            Fire/Tmut/Pois #.......     98%         3    ####...
 Inner Flame              Hex/Fire       #.......     98%         3    ####...
 Mephitic Cloud           Conj/Pois/Air  #.......     98%         3    ####...
 Ozocubu's Armour         Chrm/Ice       #.......     98%         3    ####...
 Portal Projectile        Hex/Tloc       #.....       98%         3    ####...
 Recall                   Summ/Tloc      N/A          98%         3    ####...
 Regeneration             Chrm/Necr      #.........   98%         3    ####...
 Spectral Weapon          Hex/Chrm       #.......     98%         3    ####...
 Static Discharge         Conj/Air       #.......     98%         3    ####...
 Stone Arrow              Conj/Erth      #.....       98%         3    ####...
 Summon Guardian Golem    Hex/Summ       #.......     98%         3    ####...
 Vampiric Draining        Necr           #.........   98%         3    ####...
 Airstrike                Air            #.........   100%        4    #####..
 Animate Dead             Necr           N/A          100%        4    #####..
 Cause Fear               Hex            #.........   100%        4    #####..
 Force Lance              Conj/Tloc      #.......     100%        4    #####..
 Fulminant Prism          Conj/Hex       #.........   100%        4    #####..
 Ice Form                 Ice/Tmut       #.......     100%        4    #####..
 Iskenderun's Mystic Bla  Conj           #.......     100%        4    #####..
 Leda's Liquefaction      Hex/Erth       #.........   100%        4    #####..
 Olgreb's Toxic Radiance  Pois           #.......     100%        4    #####..
 Passage of Golubria      Tloc           N/A          100%        4    #####..
 Petrify                  Tmut/Erth      #.......     100%        4    #####..
 Sticky Flame             Conj/Fire      #.......     100%        4    #####..
 Summon Ice Beast         Ice/Summ       #.......     100%        4    #####..
 Summon Lightning Spire   Summ/Air       #.......     100%        4    #####..
 Throw Icicle             Conj/Ice       #.......     100%        4    #####..
 Alistair's Intoxication  Tmut/Pois      #.......     100%        5    ######.
 Bolt of Magma            Conj/Fire/Erth #.........   100%        5    ######.
 Borgnjor's Vile Clutch   Necr/Erth      #.........   100%        5    ######.
 Fireball                 Conj/Fire      #.........   100%        5    ######.
 Irradiate                Conj/Tmut      #.........   100%        5    ######.
 Iskenderun's Battlesphe  Conj/Chrm      #.......     100%        5    ######.
 Lee's Rapid Deconstruct  Erth           #.........   100%        5    ######.
 Lightning Bolt           Conj/Air       #.........   100%        5    ######.
 Metabolic Englaciation   Hex/Ice        #.........   100%        5    ######.
 Silence                  Hex/Air        #.........   100%        5    ######.
 Summon Mana Viper        Hex/Summ       #.......     100%        5    ######.
 Venom Bolt               Conj/Pois      #.........   100%        5    ######.
 Yara's Violent Unravell  Hex/Tmut       #.........   100%        5    ######.
 Bolt of Cold             Conj/Ice       #.........   100%        6    #######
 Bolt of Fire             Conj/Fire      #.........   100%        6    #######
 Conjure Ball Lightning   Conj/Air       #.........   100%        6    #######
 Darkness                 Hex            #.........   100%        6    #######
 Death Channel            Necr           #.........   100%        6    #######
 Deflect Missiles         Chrm/Air       #.........   100%        6    #######
 Freezing Cloud           Conj/Ice/Air   #.........   100%        6    #######
 Hydra Form               Tmut           #.........   100%        6    #######
 Invisibility             Hex            #.......     100%        6    #######
 Iron Shot                Conj/Erth      #.........   100%        6    #######
 Ozocubu's Refrigeration  Ice            #.........   100%        6    #######
 Shadow Creatures         Summ           N/A          100%        6    #######
 Simulacrum               Ice/Necr       #.........   100%        6    #######
 Statue Form              Tmut/Erth      #........    100%        6    #######
 Dragon Form              Tmut           #.........   100%        7    #######
 Orb of Destruction       Conj           #.........   100%        7    #######
 Ring of Flames           Chrm/Fire      #.........   100%        7    #######
 Spellforged Servitor     Conj/Summ      #.........   100%        7    #######
 Summon Hydra             Summ           #.........   100%        7    #######
 Discord                  Hex            #.........   100%        8    #######
 Dragon's Call            Summ           #.........   100%        9    #######
 Shatter                  Erth           #.........   100%        9    #######


Dungeon Overview and Level Annotations

Branches:
Dungeon (15/15)            Temple (0/1) D:5            Lair (6/6) D:11
  Swamp (4/4) Lair:2       Spider (4/4) Lair:2        Slime (5/5) Lair:5
    Orc (2/2) D:12            Elf (3/3) Orc:2        Vaults (5/5) D:14
  Crypt (3/3) Vaults:2       Tomb (0/3) Crypt:3      Depths (5/5) D:15
    Zot (0/5) Depths:5

Altars:
Cheibriados
Fedhas
Gozag
Hepliaklqana
Kikubaaqudgha
Makhleb
Nemelex Xobeh
Okawaru
Qazlal
Uskayaw
Vehumet
Xom
Yredelemnul
Zin
The Shining One
Beogh
Jiyva

Shops:
Orc:2 *(?%[   Elf:1 :   Elf:3 (   Vaults:1 [(%=   Vaults:2 :   Vaults:3 **
Depths:2 [[

Portals:
Hell: Depths:1 Depths:2 Depths:3 Depths:4 Depths:5
Abyss: Depths:4
Pandemonium: Depths:3
Ziggurat: Depths:3

Annotations:
D:3 1 runed door, TBriggs11TB's ghost, amateur SpAs
D:4 2 transporters, biddum's ghost, amateur HOFi
D:10 TBriggs11TB's ghost, journeyman MiBe
Lair:2 2 runed doors, Etiuwnuo's ghost, journeyman DrFi
Lair:4 2 runed doors, Vuydghur's ghost, adept DrCj
Elf:2 3 runed doors
Depths:3 Dayhig's ghost, legendary DrFE


Innate Abilities, Weirdness & Mutations

You have hooves in place of feet.
You are completely covered in slimy green scales. (AC +4, rPois)
Your flesh is cold resistant. (rC+)
You are completely attuned to the shadows.
A frigid envelope surrounds you and freezes all who hurt you.
You regenerate a lot of health from kills.
You are immune to freezing clouds.
You have a pair of antennae on your head.
You often lose your temper in combat.
Scrolls take you longer to read.
You are clumsy. (Dex -2)
You are resistant to hostile enchantments. (MR+)
You occasionally shout uncontrollably at your foes.
You evolve.
Potions are less effective at restoring your health.


Message History

Your rust devil completely misses the azure jelly.
The eye of draining gazes at you.
You feel your power leaking away.
Unknown command.
Unknown command.
Unknown command.
Your system partially rejects the healing.
You feel much better.
Visions of slaying the acid blob flood into your mind.
The death ooze is no longer distracted by gold.
The azure jelly is no longer distracted by gold.
Your chaos spawn gores the azure jelly!
The azure jelly dies!
The death ooze is distracted by the nearby gold.
The azure jelly completely misses you. You block the azure jelly's attack.
The azure jelly completely misses you. You block the azure jelly's attack.
The acid blob is distracted by the nearby gold.
The acid blob misses you. The acid blob hits you!!
You die...
Your body crumbles into a pile of gold.

$ #..# ###3.......
###.#####.3........
#..3#.#.{3.........
....................
.....................
.....................
....4G...............
...J4J...............
...J@J...............
...JJJJ..............
...JJJ...............
...$.................
.....................
.....................
.....................
.............
..........


You could see 5 acid blobs, 2 azure jellies, 4 death oozes, an eye of draining,
a friendly rust devil and a friendly chaos spawn.

Vanquished Creatures
  the Royal Jelly (Slime:5)
  The ghost of Dayhig the Eclecticist, a legendary DrFE of Vehumet (Depths:5)
  An ancient lich (Depths:5)
  Xtahua (Crypt:2)
  Margery (Crypt:1)
  4 golden dragons
  Nikola (Elf:3)
  Rupert (Lair:4)
  7 tentacled monstrosities
  Asterion (Depths:1)
  3 liches
  2 deep elf blademasters (Elf:3)
  2 deep elf master archers (Elf:3)
  3 titans
  9 acid blobs
  5 ancient champions
  Frances (Swamp:2)
  A thorn hunter (Swamp:1)
  Donald (Crypt:1)
  5 shadow dragons
  5 sphinxes
  2 storm dragons
  5 tengu reavers
  A draconian monk (Depths:5)
  7 azure jellies
  14 fire giants
  7 frost giants
  4 revenants
  16 vault wardens
  A draconian knight (Depths:5)
  4 ghost moths
  An orc warlord (Elf:3)
  An iron dragon (Depths:2)
  11 deep elf sorcerers
  2 deep elf elementalists (Elf:3)
  The ghost of Loudmushroom the Severer, a journeyman MiBe of Trog (Orc:2)
  3 curse skulls
  12 ironheart preservers
  5 ghouls
  4 draconian annihilators (Depths:5)
  6 emperor scorpions
  22 stone giants
  2 war gargoyles (Vaults:5)
  8 very ugly things
  3 entropy weavers
  A juggernaut skeleton (Depths:3)
  3 deep elf demonologists
  A spectral titan (Crypt:3)
  7 green draconians (Depths:5)
  6 vampire knights
  2 black draconians (Depths:5)
  7 deep elf annihilators
  6 white draconians (Depths:5)
  A minotaur (D:14)
  A spark wasp (Depths:2)
  2 red draconians (Depths:5)
  An orange crystal statue (WizLab)
  10 eidola
  Snorg (Lair:3)
  4 deep elf death magi
  A merfolk javelineer (Depths:4)
  12 ettins
  21 jiangshi
  2 death oozes
  A merfolk impaler (Depths:4)
  5 spectral quicksilver dragons (Crypt:3)
  The ghost of Hotaomis the Grappler, a journeyman TrMo of Cheibriados (D:14)
  14 yaktaur captains
  14 fire dragons
  7 great orbs of eyes
  The ghost of Foll the Nimble, a journeyman OpFi of Cheibriados (Lair:3)
  36 vault guards
  4 rakshasas
  20 hydras
  A great orb of eyes (shapeshifter) (Vaults:5)
  7 deep elf high priests
  Fannar (Lair:1)
  3 spriggan air magi
  15 centaur warriors
  A juggernaut simulacrum (Depths:5)
  2 ghost crabs (Swamp:2)
  7 death knights
  A spectral frost giant (Crypt:3)
  9 deep troll shamans
  A queen ant (Lair:6)
  9 alligators
  27 two-headed ogres
  10 ice dragons
  A spectral stone giant (Crypt:3)
  12 ogre magi
  9 tengu warriors
  10 deep troll earth magi
  A spectral dire elephant (Crypt:3)
  5 orc high priests
  2 soul eaters
  3 spectral storm dragons (Crypt:3)
  15 vampire magi
  A storm dragon zombie (Crypt:3)
  15 deep elf knights
  5 spriggans
  Nergalle (D:11)
  27 skeletal warriors
  2 fire crabs (shapeshifter)
  3 hell knights (Crypt:1)
  5 shadow wraiths
  A spectral minotaur (Crypt:3)
  3 fire crabs (Swamp:4)
  2 iron trolls (Depths:4)
  3 death drakes (Depths:5)
  5 glowing orange brains
  A spriggan druid (Swamp:3)
  A spectral anaconda (Crypt:3)
  6 unseen horrors
  A spectral hydra (Crypt:3)
  15 deep elf archers
  A golden dragon skeleton (Depths:3)
  A death drake (shapeshifter) (Vaults:5)
  11 flayed ghosts
  6 wizards
  A torturous demonspawn (Depths:3)
  27 deep trolls
  An obsidian statue (Vaults:2)
  15 ironbrand convokers
  5 swamp dragons
  8 necromancers
  9 phantasmal warriors
  5 lindwurms (Depths:5)
  20 orc knights
  21 orb spiders
  4 orc sorcerers
  A shambling mangrove (Swamp:2)
  An orb spider (shapeshifter) (D:15)
  2 spectral ice dragons (Crypt:3)
  26 wolf spiders
  26 ugly things
  A salamander (shapeshifter) (Vaults:4)
  56 deep elf magi
  A spectral ettin (Crypt:3)
  6 manticores
  A moth of wrath (shapeshifter) (D:15)
  2 cyclopes
  2 shining eyes
  3 elephants
  A spriggan zombie (Depths:3)
  A moth of wrath (Spider:4)
  4 black mambas
  A rust devil (Depths:4)
  An eye of devastation (shapeshifter) (Depths:2)
  A naga mage (D:15)
  3 eyes of devastation
  A fire giant skeleton (Depths:3)
  14 vault sentinels
  An elephant slug zombie (Crypt:2)
  A torpor snail (shapeshifter) (Depths:2)
  2 gargoyles (Lab)
  3 rime drakes
  30 yaktaurs
  11 spiny frogs
  5 torpor snails (Lair:6)
  An alligator snapping turtle zombie (Crypt:2)
  A yaktaur (shapeshifter) (Vaults:3)
  An ice devil (Depths:3)
  4 komodo dragons
  27 freezing wraiths
  11 demonic crawlers
  A kobold demonologist (D:13)
  4 guardian mummies (Crypt:3)
  7 tyrant leeches
  3 efreet (Depths:4)
  A spectral harpy (Crypt:3)
  A troll (shapeshifter) (Vaults:4)
  4 meliai
  A meliai (shapeshifter) (Depths:1)
  32 jumping spiders
  A polar bear (Lair:4)
  A hornet (shapeshifter) (Vaults:3)
  A harpy skeleton (D:15)
  8 trolls
  8 wind drakes
  7 blink frogs
  14 hornets
  Prince Ribbit (D:7)
  A raiju (shapeshifter) (Vaults:2)
  4 hippogriffs
  A tengu simulacrum (Depths:1)
  A large abomination (D:13)
  60 slime creatures
  A guardian serpent zombie (Crypt:3)
  11 bog bodies
  A death drake skeleton (Crypt:2)
  11 flying skulls (Crypt:3)
  A redback (shapeshifter) (Depths:5)
  8 shadows
  10 air elementals
  56 redbacks
  16 tarantellas
  A dire elephant simulacrum (Crypt:3)
  7 water elementals
  2 spriggans (shapeshifter)
  3 wyverns
  3 fire elementals
  A satyr skeleton (Crypt:2)
  10 wraiths
  11 yaks
  10 basilisks
  3 fire bats (Depths:2)
  A human (shapeshifter) (Vaults:3)
  A neqoxec (D:13)
  Grum (D:11)
  2 chaos spawn (D:13)
  A hungry ghost (D:15)
  7 vampire mosquitoes
  3 wargs
  6 soldier ants
  6 swamp worms
  21 insubstantial wisps
  A merfolk zombie (Crypt:3)
  A spectral snapping turtle (Crypt:3)
  2 floating eyes
  Duvessa (D:4)
  4 small abominations (D:13)
  11 swamp drakes
  An infernal demonspawn skeleton (Crypt:2)
  6 water moccasins
  A water nymph skeleton (Crypt:1)
  54 orc warriors
  8 porcupines
  A snapping turtle zombie (Crypt:1)
  An eye of draining (shapeshifter) (Vaults:3)
  An elf zombie (Vaults:4)
  2 torturous demonspawn skeletons
  3 ettin simulacra (Depths:4)
  An elephant zombie (Crypt:3)
  2 eyes of draining
  4 sky beasts
  10 boggarts
  26 ogres
  3 elf skeletons
  A swamp dragon skeleton (Crypt:1)
  66 wolves
  2 necrophages
  29 centaurs
  9 crocodiles
  A spectral human (Crypt:3)
  A draconian skeleton (Crypt:1)
  5 big kobolds
  2 earth elementals
  17 bullfrogs
  2 wyvern zombies
  A warg zombie (Crypt:1)
  2 scorpions
  A wyvern skeleton (D:15)
  An elf simulacrum (Vaults:4)
  17 killer bees
  4 vampire bats (Orc:2)
  A howler monkey (D:5)
  A troll skeleton (Crypt:2)
  5 electric eels (Lair:6)
  4 crimson imps
  5 centaur zombies
  2 hounds (D:12)
  3 human zombies (Crypt:2)
  21 orc priests
  A bullfrog skeleton (D:11)
  3 human skeletons (Crypt:2)
  2 jellies
  26 orc wizards
  4 centaur skeletons
  4 hell rats (Lair:6)
  3 iguanas
  A porcupine zombie (Crypt:1)
  11 worker ants
  A merfolk siren (Sewer)
  A merfolk avatar (Sewer)
  2 big kobold zombies (Ossuary)
  A naga skeleton (Crypt:3)
  A felid skeleton (Crypt:1)
  3 hound zombies
  A hound skeleton (D:9)
  4 mummies
  3 worker ant zombies
  A howler monkey zombie (D:7)
  6 gnolls (D:5)
  20 adders
  2 river rats (Sewer)
  A swamp drake zombie (Crypt:2)
  3 shadow imps
  A white imp (D:5)
  A halfling zombie (Crypt:1)
  2 oozes
  2 adder zombies (Ossuary)
  An adder skeleton (D:7)
  A halfling skeleton (Crypt:2)
  2 lava snake skeletons
  3 worms
  2 dart slugs
  6 leopard geckos
  81 orcs
  11 bats
  11 giant cockroaches
  10 hobgoblins
  6 jackals
  3 quokkas
  5 ball pythons
  A dart slug zombie (Crypt:1)
  9 frilled lizards
  7 goblins
  A goblin zombie (Ossuary)
  4 hobgoblin zombies (Ossuary)
  25 kobolds
  A kobold simulacrum (Crypt:3)
  17 kobold zombies (Ossuary)
  2 leopard gecko skeletons
  8 orc zombies (Ossuary)
  29 rats
  A rat zombie (Ossuary)
  7 plants
2116 creatures vanquished.

Vanquished Creatures (collateral kills)
  Frederick (Vaults:2)
  A tentacled monstrosity (Depths:4)
  An acid blob (Slime:5)
  An ancient champion (Crypt:1)
  2 sphinxes
  5 tengu reavers
  A draconian monk (Depths:5)
  An azure jelly (Slime:5)
  Roxanne (Swamp:2)
  4 fire giants
  A cacodemon (Depths:3)
  A ghost moth (Spider:4)
  A frost giant (Depths:2)
  A vault warden (Vaults:5)
  A deep elf sorcerer (Elf:3)
  A ghoul (Vaults:2)
  3 emperor scorpions (Spider:4)
  2 stone giants
  2 entropy weavers (Spider:4)
  2 vampire knights
  A purple draconian (Depths:5)
  A minotaur (Lab)
  An eidolon (Crypt:2)
  2 ettins
  A death ooze (Slime:5)
  A spectral quicksilver dragon (Crypt:3)
  3 deep elf death magi
  3 yaktaur captains
  A deep elf high priest (Vaults:5)
  A jiangshi (Crypt:1)
  Harold (D:11)
  2 vault guards (Vaults:1)
  A great orb of eyes (Depths:1)
  4 hydras
  A monstrous demonspawn (Depths:3)
  2 ice dragons
  5 centaur warriors
  A deep troll shaman (Depths:4)
  3 alligators
  A death knight (Vaults:5)
  2 tengu warriors
  A vampire mage (Depths:4)
  3 dancing weapons (Elf:2)
  3 deep troll earth magi
  An orc high priest (Orc:2)
  2 deep elf knights
  2 hell knights (Crypt:1)
  A titan skeleton (Crypt:3)
  4 skeletal warriors
  A swamp dragon (Swamp:2)
  A glowing orange brain (shapeshifter) (Vaults:5)
  2 golden dragon zombies
  4 deep trolls
  5 phantasmal warriors
  2 deep elf archers (Elf:1)
  9 deep elf magi
  4 orc knights
  3 ironbrand convokers
  3 orb spiders
  2 lindwurms (Lair:6)
  10 wolf spiders
  2 orc sorcerers
  A cyclops (D:13)
  3 ugly things
  5 shining eyes
  4 elephants (Lair:6)
  A vault sentinel (Vaults:5)
  A frost giant skeleton (Depths:1)
  3 gargoyles
  3 spiny frogs (Swamp:1)
  A torpor snail (Spider:1)
  An eye of devastation (Slime:5)
  8 demonic crawlers
  2 tengu conjurers
  11 yaktaurs
  2 komodo dragons
  5 freezing wraiths
  2 trolls (Vaults:1)
  8 hornets
  12 jumping spiders
  A queen bee (Lair:2)
  2 wind drakes (Depths:1)
  2 tyrant leeches
  5 blink frogs
  2 hippogriffs
  18 slime creatures
  A hydra skeleton (Crypt:1)
  2 bog bodies
  A tarantella (Spider:3)
  2 air elementals (Depths:1)
  10 redbacks
  A shadow (Swamp:1)
  2 water elementals
  2 wyverns
  A yak (Lair:1)
  A tarantella (shapeshifter) (Depths:5)
  A vampire mosquito (Swamp:1)
  A fire bat (Depths:2)
  A warg (Vaults:5)
  An infernal demonspawn zombie (Crypt:2)
  A human zombie (Depths:1)
  A soldier ant (Lair:6)
  4 swamp worms
  7 insubstantial wisps
  2 water moccasins
  A large abomination (D:13)
  7 orc warriors
  A sky beast (D:13)
  2 ice beasts
  2 phantoms
  2 boggarts
  4 ogres
  9 wolves
  8 centaurs
  A torpor snail zombie (Crypt:1)
  3 crocodiles (Lair:6)
  2 big kobolds
  2 bullfrogs
  An elf skeleton (Crypt:2)
  A scorpion (D:12)
  Dowan (D:4)
  10 killer bees
  2 crimson imps
  2 bullfrog zombies
  A small abomination (D:13)
  Crazy Yiuf (D:7)
  4 orc priests
  4 orc wizards
  A bullfrog skeleton (D:13)
  A hell rat (Lair:6)
  3 worker ants
  An adder (D:10)
  17 orcs
  A quokka (D:9)
  7 kobolds
  A fungus (Lair:6)
  5 plants
389 creatures vanquished.

Vanquished Creatures (others)
  A deep elf master archer (Elf:3)
  2 stone giants (Vaults:3)
  A vampire knight (Depths:2)
  A deep elf demonologist (Elf:3)
  A white draconian (Depths:5)
  A fire dragon (Depths:5)
  15 dancing weapons
  A vampire mage (Depths:5)
  4 swamp dragons (Swamp:4)
  A deep elf mage (Elf:1)
  A wind drake (Depths:1)
  A water elemental (Depths:4)
  3 steam dragons (Swamp:4)
  A swamp worm (Swamp:4)
  4 swamp drakes (Swamp:4)
  A boggart (Vaults:3)
  2 centaurs
  A bullfrog skeleton (D:3)
  15 ball lightnings (Depths:1)
  2 orcs (Orc:2)
  3 jackals (D:3)
  13 plants
  A withered plant (Orc:2)
76 creatures vanquished.

Grand Total: 2581 creatures vanquished

Notes
Turn   | Place    | Note
-------+----------+-------------------------------------------
     0 | D:1      | tsouns the Demonspawn Artificer began the quest for the
                  | Orb.
     0 | D:1      | Reached XP level 1. HP: 15/15 MP: 3/3
   102 | D:1      | Reached skill level 1 in Short Blades
   295 | D:1      | Gained mutation: You regenerate a little health from kills.
                  | [demonic ancestry]
   295 | D:1      | Reached XP level 2. HP: 18/21 MP: 4/4
   750 | D:1      | Reached skill level 2 in Fighting
   802 | D:1      | You fall through a shaft!
   985 | D:2      | Gained mutation: You have large cloven feet. [demonic
                  | ancestry]
   985 | D:2      | Reached XP level 3. HP: 28/28 MP: 5/5
   995 | D:2      | Reached skill level 3 in Fighting
  1104 | D:2      | Found an opulent altar of Gozag.
  1105 | D:2      | Found a sparkling altar of Nemelex Xobeh.
  1112 | D:2      | Became a worshipper of Gozag Ym Sagoz the Greedy
  1377 | D:2      | Reached XP level 4. HP: 21/36 MP: 6/6
  1631 | D:3      | Reached skill level 4 in Fighting
  1783 | D:3      | Gained mutation: You are partially covered in slimy green
                  | scales. (AC +2) [demonic ancestry]
  1783 | D:3      | Reached XP level 5. HP: 20/43 MP: 7/7
  2026 | D:3      | Found a runed door.
  2029 | D:3      | Noticed TBriggs11TB's ghost (amateur SpAs)
  2149 | D:3      | Found a radiant altar of Vehumet.
  2246 | D:3      | Reached skill level 1 in Axes
  2328 | D:3      | Reached skill level 5 in Fighting
  2664 | D:4      | Gained mutation: You are mostly covered in slimy green
                  | scales. (AC +3) [demonic ancestry]
  2664 | D:4      | Reached XP level 6. HP: 24/51 MP: 8/8
  2672 | D:4      | Noticed a hand axe
  2674 | D:4      | Noticed a hand axe
  2675 | D:4      | Found a hide-covered altar of Uskayaw.
  2759 | D:4      | Found a burning altar of Makhleb.
  2762 | D:4      | Found a stormy altar of Qazlal.
  2765 | D:4      | Found a glowing golden altar of the Shining One.
  2792 | D:4      | Gained mutation: You are resistant to hostile enchantments.
                  | (MR+) [potion of mutation]
  2792 | D:4      | Gained mutation: Your flesh is cold resistant. (rC+)
                  | [potion of mutation]
  3028 | D:4      | Noticed Duvessa
  3028 | D:4      | Noticed Dowan
  3042 | D:4      | Killed Dowan
  3120 | D:4      | Killed Duvessa
  3293 | D:4      | Found a transporter.
  3295 | D:4      | Noticed biddum's ghost (amateur HOFi)
  3297 | D:4      | Found a transporter.
  3445 | D:5      | Entered Level 5 of the Dungeon
  3520 | D:5      | Noticed a water moccasin
  3535 | D:5      | Killed a water moccasin
  3535 | D:5      | Reached XP level 7. HP: 40/57 MP: 9/9
  3687 | D:5      | Reached skill level 6 in Fighting
  3756 | D:5      | Found a sand-covered staircase.
  3776 | Ossuary  | Entered an ossuary
  4027 | Ossuary  | Reached skill level 5 in Axes
  4214 | D:5      | Found a blossoming altar of Fedhas.
  4243 | D:5      | Found a staircase to the Ecumenical Temple.
  4670 | D:5      | Reached XP level 8. HP: 38/65 MP: 10/10
  4757 | D:5      | Got an uncursed bloodstained falchion {venom}
  4758 | D:5      | Identified the +6 falchion of the Two Names {venom, Dex+7}
                  | (You took it off a centaur on level 5 of the Dungeon)
  5219 | D:6      | Found Zin's Purification Station.
  5224 | D:6      | Found a glowing silver altar of Zin.
  5227 | D:6      | Bought a potion of curing for 90 gold pieces
  5441 | D:6      | Reached skill level 7 in Fighting
  5480 | D:6      | Found a glowing drain.
  5495 | Sewer    | Entered a sewer
  6060 | D:6      | Noticed a two-headed ogre
  6070 | D:6      | Killed a two-headed ogre
  6070 | D:6      | Reached skill level 8 in Fighting
  6070 | D:6      | Gained mutation: You regenerate health from kills. [demonic
                  | ancestry]
  6070 | D:6      | Reached XP level 9. HP: 43/75 MP: 11/11
  6155 | D:6      | Found a snail-covered altar of Cheibriados.
  6155 | D:6      | Found a faded altar of an unknown god.
  6160 | D:6      | Found a basalt altar of Yredelemnul.
  6162 | D:6      | Found a faded altar of an unknown god.
  6163 | D:6      | Found a hazy altar of Hepliaklqana.
  6210 | D:6      | Reached skill level 5 in Dodging
  6872 | D:7      | Found the cursed +14 obsidian axe {chop, +Fly SInv *Curse}
  6956 | D:7      | Noticed Prince Ribbit
  6962 | D:7      | Killed Prince Ribbit
  6962 | D:7      | Reached skill level 9 in Fighting
  7262 | D:7      | Found a runed door.
  7266 | D:7      | Noticed Crazy Yiuf
  7269 | D:7      | Killed Crazy Yiuf
  8202 | D:9      | Found an iron altar of Okawaru.
  8293 | D:9      | Gained mutation: You have hoof-like feet. [demonic
                  | ancestry]
  8293 | D:9      | Reached XP level 10. HP: 83/83 MP: 12/12
  8392 | D:10     | Entered Level 10 of the Dungeon
  8621 | D:10     | Noticed an unseen horror
  8628 | D:10     | Killed an unseen horror
  8978 | D:10     | Reached skill level 10 in Fighting
  9027 | D:10     | Found a runed door.
  9030 | D:10     | Found a shimmering altar of Xom.
  9030 | D:10     | Noticed a dire flail of chaos
  9030 | D:10     | Noticed TBriggs11TB's ghost (journeyman MiBe)
  9050 | D:10     | Killed a dire flail of chaos
  9354 | D:11     | Found a staircase to the Lair.
  9354 | D:11     | Noticed an elephant
  9387 | D:11     | Killed an elephant
  9580 | D:11     | Noticed a purple ugly thing
  9594 | D:11     | Killed a purple ugly thing
  9662 | D:11     | Noticed a manticore
  9669 | D:11     | Killed a manticore
  9687 | D:11     | Got a heavily runed leather armour
  9692 | D:11     | Reached skill level 1 in Shields
  9692 | D:11     | Reached XP level 11. HP: 92/92 MP: 13/13
  9705 | D:11     | Identified the +3 leather armour of Crawling {Int-2 Dex+5}
                  | (You found it on level 11 of the Dungeon)
  9731 | D:11     | Noticed Grum
  9750 | D:11     | Killed Grum
  9846 | D:11     | Found a portal to a secret trove of treasure.
  9882 | D:11     | Noticed Nergalle
  9892 | D:11     | Killed Nergalle
  9892 | D:11     | Reached skill level 10 in Axes
  9918 | D:11     | Noticed Harold
  9922 | D:11     | Killed Harold
 10327 | D:12     | Noticed a two-headed ogre
 10339 | D:12     | Killed a two-headed ogre
 10553 | D:12     | Noticed an unseen horror
 10567 | D:12     | Killed an unseen horror
 10670 | D:12     | Found a staircase to the Orcish Mines.
 10820 | D:13     | Noticed a sun demon
 11190 | D:13     | Noticed a red ugly thing
 11197 | D:13     | Killed a red ugly thing
 11197 | D:13     | Reached skill level 1 in Armour
 11198 | D:13     | Noticed a red ugly thing
 11210 | D:13     | Killed a red ugly thing
 11268 | D:13     | Noticed a four-headed hydra
 11276 | D:13     | Killed a four-headed hydra
 11281 | D:13     | Gained mutation: You are slightly more attuned to the
                  | shadows. [demonic ancestry]
 11281 | D:13     | Reached XP level 12. HP: 98/98 MP: 14/14
 11348 | D:13     | Noticed a five-headed hydra
 11354 | D:13     | Killed a six-headed hydra
 11700 | D:13     | Found a runed door.
 11825 | D:13     | Noticed a tentacled monstrosity
 12058 | D:13     | Killed a tentacled monstrosity
 12080 | D:13     | Gained mutation: You do not regenerate when monsters are
                  | visible. [a neqoxec]
 12088 | D:13     | Lost mutation: Your flesh is cold resistant. (rC+) [potion
                  | of mutation]
 12088 | D:13     | Gained mutation: Your muscles are strong. (Str +2) [potion
                  | of mutation]
 12088 | D:13     | Gained mutation: You are agile. (Dex +2) [potion of
                  | mutation]
 12306 | D:14     | Found a runed gate.
 12306 | D:14     | Found a runed gate.
 12306 | D:14     | Found a runed gate.
 12306 | D:14     | Noticed a two-headed ogre
 12306 | D:14     | Noticed a minotaur
 12535 | D:14     | Reached skill level 5 in Armour
 12591 | D:14     | Noticed Hotaomis's ghost (journeyman TrMo)
 12938 | D:14     | Noticed a centaur warrior
 12945 | D:14     | Killed a centaur warrior
 13011 | D:14     | Noticed a centaur warrior
 13015 | D:14     | Noticed a vault guard
 13026 | D:14     | Killed a centaur warrior
 13026 | D:14     | Reached XP level 13. HP: 79/104 MP: 15/15
 13065 | D:14     | Found a gate to the Vaults.
 13074 | D:14     | Got a twisted helmet
 13085 | D:14     | Identified the cursed -2 helmet of Pyadeabe {MR++} (You
                  | found it on level 14 of the Dungeon)
 13328 | D:15     | Entered Level 15 of the Dungeon
 14177 | D:15     | Found a blossoming altar of Fedhas.
 14372 | D:15     | Found a staircase to the Depths.
 14387 | D:15     | Reached skill level 15 in Axes
 14647 | Lair:1   | Entered Level 1 of the Lair of Beasts
 14720 | Lair:1   | Noticed Fannar
 14731 | Lair:1   | Killed Fannar
 15499 | Lair:2   | Identified the +7 war axe of the Traitor {freeze, *Noise
                  | rC+ rN+} (You found it on level 2 of the Lair of Beasts)
 15625 | Lair:2   | Found a large runed door.
 15627 | Lair:2   | Found a large runed door.
 15629 | Lair:2   | Noticed Etiuwnuo's ghost (journeyman DrFi)
 15945 | Lair:2   | Found a hole to the Spider Nest.
 16087 | Lair:2   | Found a staircase to the Swamp.
 16199 | Lair:3   | Found a runed gate.
 16200 | Lair:3   | Found a runed gate.
 16200 | Lair:3   | Noticed Foll's ghost (journeyman OpFi)
 16201 | Lair:3   | Found a runed gate.
 16469 | Lair:3   | Gained mutation: You regenerate a lot of health from kills.
                  | [demonic ancestry]
 16469 | Lair:3   | Reached XP level 14. HP: 99/111 MP: 16/16
 16926 | Lair:3   | Reached skill level 5 in Shields
 17033 | Lair:4   | Noticed Snorg
 17037 | Lair:4   | Noticed Rupert
 17053 | Lair:3   | Killed Snorg
 17407 | Lair:4   | Reached skill level 11 in Fighting
 17560 | Lair:4   | Found a large runed door.
 17560 | Lair:4   | Found a large runed door.
 17570 | Lair:4   | Noticed Vuydghur's ghost (adept DrCj)
 17667 | Lair:4   | Killed Rupert
 18196 | Lair:5   | Found a labyrinth entrance.
 18221 | Lab      | Entered a labyrinth
 18724 | Lab      | Got a distressingly furry ring mail
 18753 | Lair:5   | Identified the +2 ring mail of Sloth {rElec rC+} (You found
                  | it in a labyrinth)
 19137 | Lair:5   | Found a runed door.
 19138 | Lair:5   | Found a viscous altar of Jiyva.
 19140 | Lair:5   | Found a staircase to the Slime Pits.
 19299 | Lair:5   | You fall through a shaft!
 19299 | Lair:6   | Entered Level 6 of the Lair of Beasts
 20006 | Lair:6   | Noticed an entropy weaver
 20007 | Lair:6   | Noticed an entropy weaver
 20012 | Lair:6   | Killed an entropy weaver
 20036 | Lair:6   | Killed an entropy weaver
 20354 | Lair:6   | Found a runed door.
 20430 | Lair:6   | Reached skill level 12 in Fighting
 20552 | Lair:6   | Identified a scroll of acquirement
 20653 | Lair:5   | Gained mutation: You have hooves in place of feet. [demonic
                  | ancestry]
 20653 | Lair:5   | Reached XP level 15. HP: 92/120 MP: 17/17
 21042 | Orc:1    | Entered Level 1 of the Orcish Mines
 21071 | Orc:1    | Found a transporter.
 21335 | Orc:1    | Found a roughly hewn altar of Beogh.
 21586 | Orc:1    | Found a roughly hewn altar of Beogh.
 21601 | Orc:1    | Reached skill level 10 in Armour
 21667 | Orc:1    | Found a transporter.
 21689 | Orc:2    | Entered Level 2 of the Orcish Mines
 21926 | Orc:2    | Found a runed door.
 21927 | Orc:2    | Noticed Loudmushroom's ghost (journeyman MiBe)
 22018 | Orc:2    | Killed Loudmushroom's ghost
 22114 | Orc:2    | Found Xunwom's General Store.
 22126 | Orc:2    | Bought a potion of heal wounds for 65 gold pieces
 22126 | Orc:2    | Bought a scroll of remove curse for 39 gold pieces
 22322 | Orc:2    | Found Tediphu's Magic Scroll Shoppe.
 22322 | Orc:2    | Found Xyrus's Food Boutique.
 22323 | Orc:2    | Found Efuabad's Antique Armour Shop.
 22325 | Orc:2    | Found Cuschiar's Antique Weapon Emporium.
 22329 | Orc:2    | Bought a scroll of remove curse for 48 gold pieces
 22329 | Orc:2    | Bought a scroll of remove curse for 48 gold pieces
 22330 | Orc:2    | Bought a ration for 60 gold pieces
 22337 | Orc:2    | Bought a runed broad axe for 189 gold pieces
 22407 | Orc:2    | Found a staircase to the Elven Halls.
 22914 | Spider:1 | Entered Level 1 of the Spider Nest
 24798 | Spider:3 | Reached skill level 10 in Shields
 24831 | Spider:3 | Noticed a ghost moth
 24839 | Spider:3 | Killed a ghost moth
 24839 | Spider:3 | Reached XP level 16. HP: 120/129 MP: 0/18
 25414 | Spider:4 | Entered Level 4 of the Spider Nest
 26017 | Spider:4 | Reached skill level 13 in Fighting
 26197 | Spider:4 | Got a gossamer rune of Zot
 26541 | Swamp:1  | Entered Level 1 of the Swamp
 26708 | Swamp:1  | Noticed a thorn hunter
 26729 | Swamp:1  | Gained mutation: Your flesh is cold resistant. (rC+)
                  | [demonic ancestry]
 26729 | Swamp:1  | Reached XP level 17. HP: 120/137 MP: 19/19
 27366 | Swamp:2  | Learned a level 1 spell: Summon Butterflies
 27499 | Swamp:2  | Noticed Roxanne
 27514 | Swamp:2  | Killed Roxanne
 27618 | Swamp:2  | Noticed Frances
 27624 | Swamp:2  | Killed Frances
 27969 | Swamp:2  | Noticed a tentacled monstrosity
 27990 | Swamp:2  | Killed a tentacled monstrosity
 28162 | Swamp:4  | Entered Level 4 of the Swamp
 28761 | Swamp:4  | Reached skill level 10 in Dodging
 29188 | Swamp:4  | Reached skill level 14 in Fighting
 29513 | Swamp:4  | Got a decaying rune of Zot
 29857 | Vaults:1 | Entered Level 1 of the Vaults
 29887 | Vaults:1 | Identified the +5 scimitar of Xyan {freeze, +Fly rF+ Str+4}
                  | (You found it on level 1 of the Vaults)
 29930 | Vaults:1 | Identified the +9 plate armour of Unwemp {Str+5 Int+2} (You
                  | took it off an orc on level 1 of the Vaults)
 30098 | Vaults:1 | Found Dekanon's Weapon Boutique.
 30098 | Vaults:1 | Found Nen Beon's Food Shop.
 30158 | Vaults:1 | Gained mutation: You are significantly more attuned to the
                  | shadows. [demonic ancestry]
 30158 | Vaults:1 | Reached XP level 18. HP: 146/146 MP: 20/20
 30228 | Vaults:1 | Reached skill level 1 in Stealth
 30309 | Vaults:1 | Paralysed by a hornet for 1 turns
 30641 | Vaults:1 | Found Nashren's Antique Armour Emporium.
 30648 | Vaults:1 | Bought a glowing crystal plate armour for 2407 gold pieces
 30766 | Vaults:1 | Found Likijyg's Jewellery Shop.
 31353 | Vaults:2 | Reached skill level 15 in Fighting
 31395 | Vaults:2 | Noticed Frederick
 31401 | Vaults:2 | Killed Frederick
 31419 | Vaults:2 | Found Meulez's Book Shoppe.
 31898 | Vaults:2 | Found a staircase to the Crypt.
 32348 | Vaults:2 | Found a gateway to a bazaar.
 32363 | Bazaar   | Entered a bazaar
 32367 | Bazaar   | Found Wovvypa's Jewellery Boutique.
 32385 | Bazaar   | Found Feobaos's Weapon Emporium.
 32402 | Bazaar   | Found Ysmat's Book Boutique.
 32419 | Bazaar   | Found Noryor's Antique Armour Shoppe.
 32605 | Vaults:3 | Gained mutation: You are completely covered in slimy green
                  | scales. (AC +4, rPois) [demonic ancestry]
 32605 | Vaults:3 | Reached XP level 19. HP: 61/157 MP: 22/22
 32627 | Vaults:3 | Reached skill level 16 in Fighting
 34130 | Vaults:3 | Reached skill level 15 in Shields
 34146 | Vaults:3 | Reached skill level 17 in Fighting
 34521 | Vaults:3 | Bought a sparkling iron amulet for 175 gold pieces
 34521 | Vaults:3 | Bought a potion of invisibility for 280 gold pieces
 34521 | Vaults:3 | Bought a scroll labeled DAEMPA IGON for 35 gold pieces
 34521 | Vaults:3 | Identified the amulet "Dylam" {Harm *Drain Fragile +Inv
                  | rElec Stlth+} (You bought it in a shop on level 3 of the
                  | Vaults)
 34528 | Vaults:3 | Bought a potion of agility for 140 gold pieces
 35423 | Vaults:4 | Gained mutation: You are completely attuned to the shadows.
                  | [demonic ancestry]
 35423 | Vaults:4 | Reached XP level 20. HP: 168/168 MP: 23/23
 36473 | Elf:1    | Entered Level 1 of the Elven Halls
 36474 | Elf:1    | Lost mutation: Your muscles are strong. (Str +2) [potion of
                  | mutation]
 36474 | Elf:1    | Lost mutation: You are resistant to hostile enchantments.
                  | (MR+) [potion of mutation]
 36474 | Elf:1    | Lost mutation: You do not regenerate when monsters are
                  | visible. [potion of mutation]
 36474 | Elf:1    | Gained mutation: You are frail. (-10% HP) [potion of
                  | mutation]
 36474 | Elf:1    | Gained mutation: You are resistant to hostile enchantments.
                  | (MR+) [potion of mutation]
 36475 | Elf:1    | Lost mutation: You are agile. (Dex +2) [potion of mutation]
 36475 | Elf:1    | Lost mutation: You are frail. (-10% HP) [potion of
                  | mutation]
 36475 | Elf:1    | Gained mutation: Your body sometimes deteriorates upon
                  | taking damage. [potion of mutation]
 36475 | Elf:1    | Gained mutation: You have a pair of small antennae on your
                  | head. [potion of mutation]
 36476 | Elf:1    | Lost mutation: Your body sometimes deteriorates upon taking
                  | damage. [potion of mutation]
 36476 | Elf:1    | Gained mutation: You possess an exceptional clarity of
                  | mind. [potion of mutation]
 36476 | Elf:1    | Gained mutation: You have an increased reservoir of magic.
                  | (+10% MP) [potion of mutation]
 36476 | Elf:1    | Gained mutation: Armour fits poorly on your strangely
                  | shaped body. [potion of mutation]
 36476 | Elf:1    | Gained mutation: You have a pair of antennae on your head.
                  | [potion of mutation]
 36477 | Elf:1    | Lost mutation: You have a pair of antennae on your head.
                  | [potion of mutation]
 36477 | Elf:1    | Lost mutation: You are resistant to hostile enchantments.
                  | (MR+) [potion of mutation]
 36477 | Elf:1    | Lost mutation: You have an increased reservoir of magic.
                  | (+10% MP) [potion of mutation]
 36477 | Elf:1    | Gained mutation: You have a pair of antennae on your head.
                  | [potion of mutation]
 36477 | Elf:1    | Gained mutation: Your muscles are strong. (Str +2) [potion
                  | of mutation]
 36601 | D:14     | Killed Hotaomis's ghost
 36613 | D:14     | Got a steaming glass ring
 36614 | D:14     | Identified the ring "Esugh" {+Inv MP+9} (You took it off a
                  | minotaur on level 14 of the Dungeon)
 36729 | D:11     | You paid a toll of 16 potions of curing to enter a treasure
                  | trove
 36730 | Trove    | Entered a treasure trove
 36805 | Trove    | Lost mutation: Your muscles are strong. (Str +2) [potion of
                  | mutation]
 36805 | Trove    | Lost mutation: You possess an exceptional clarity of mind.
                  | [potion of mutation]
 36805 | Trove    | Lost mutation: Armour fits poorly on your strangely shaped
                  | body. [potion of mutation]
 36805 | Trove    | Gained mutation: You are weak. (Str -2) [potion of
                  | mutation]
 36805 | Trove    | Gained mutation: You evolve. [potion of mutation]
 36822 | Trove    | Reached XP level 21. HP: 176/176 MP: 24/24
 37056 | Elf:1    | Reached skill level 18 in Fighting
 37258 | Elf:1    | Found Elicw's Book Shop.
 37294 | Elf:1    | Reached skill level 5 in Stealth
 37381 | Elf:1    | Reached skill level 5 in Evocations
 38130 | Elf:2    | Found a sparkling altar of Nemelex Xobeh.
 38254 | Elf:2    | Found a runed gate.
 38254 | Elf:2    | Found a runed gate.
 38255 | Elf:2    | Found a runed gate.
 38763 | Elf:3    | Entered Level 3 of the Elven Halls
 38896 | Elf:3    | Found a roughly hewn altar of Beogh.
 39172 | Elf:3    | Reached XP level 22. HP: 121/185 MP: 26/26
 39580 | Elf:3    | Got a faintly glowing steel amulet
 39581 | Elf:3    | Identified the amulet of Xom's Amusement {Acrobat rElec rC+
                  | Str-2 Int+3} (You found it on level 3 of the Elven Halls)
 39600 | Elf:3    | Identified Sif Muna's Tome of Ashen Venom
 39942 | Elf:3    | Identified the Tome of Enchantment and the Snowflakes
 40194 | Elf:3    | Found Assaas's Antique Weapon Shop.
 40204 | Elf:3    | Noticed Nikola
 40213 | Elf:3    | Killed Nikola
 40752 | Depths:1 | Entered Level 1 of the Depths
 40785 | Depths:1 | Reached skill level 1 in Throwing
 40836 | Depths:1 | Learned a level 1 spell: Apportation
 41155 | Depths:1 | Reached skill level 10 in Stealth
 41179 | Depths:1 | Lost mutation: You are weak. (Str -2) [evolution]
 41382 | Depths:1 | Found a gateway to Hell.
 41531 | Depths:1 | Noticed Asterion
 41540 | Depths:1 | Killed Asterion
 41553 | Depths:1 | Identified the +4 shield "Orry" {rC+ Dex+8} (You took it
                  | off Asterion on level 1 of the Depths)
 42425 | Depths:2 | Found a magical portal.
 42431 | WizLab   | Entered Wucad Mu's Monastery
 42822 | WizLab   | Found the +9 staff of Wucad Mu {channel}
 43116 | WizLab   | Reached skill level 19 in Fighting
 43116 | WizLab   | Reached XP level 23. HP: 194/194 MP: 28/28
 43383 | Depths:2 | Found a runed door.
 43913 | Depths:2 | Found Jyuschaf's Armour Shoppe.
 43993 | Depths:2 | Reached skill level 15 in Armour
 44025 | Depths:2 | Reached skill level 5 in Throwing
 44066 | Depths:2 | Got a slimy jade ring
 44067 | Depths:2 | Identified the ring of Duolorhi {MR+ Dex+4} (You took it
                  | off a deep elf high priest on level 2 of the Depths)
 44136 | Depths:2 | Found Diorupusch's Antique Armour Shoppe.
 44141 | Depths:2 | Bought a faintly humming plate armour for 1008 gold pieces
 44141 | Depths:2 | Identified the cursed +1 plate armour of Hiynuwur {+Blink
                  | rPois} (You bought it in a shop on level 2 of the Depths)
 44525 | Depths:3 | Gained mutation: You are immune to freezing clouds.
                  | [demonic ancestry]
 44525 | Depths:3 | Reached XP level 24. HP: 180/201 MP: 28/28
 44834 | Depths:3 | Found a runed gate.
 44834 | Depths:3 | Found a runed gate.
 44835 | Depths:3 | Found a runed gate.
 44841 | Depths:3 | Found a gateway to a ziggurat.
 45468 | Depths:3 | Found a one-way gate leading to the halls of Pandemonium.
 45744 | Depths:3 | Noticed Dayhig's ghost (legendary DrFE)
 46270 | Depths:4 | Found a one-way gate to the infinite horrors of the Abyss.
 46309 | Depths:4 | Got a glittering bone amulet
 46348 | Depths:4 | Identified the amulet of Suim Liw {Acrobat +Fly rC+} (You
                  | took it off a yaktaur on level 4 of the Depths)
 47240 | Depths:5 | Entered Level 5 of the Depths
 47562 | Depths:5 | Found a runed door.
 47568 | Depths:5 | Noticed an ancient lich
 47572 | Depths:5 | Noticed Dayhig's ghost (legendary DrFE)
 47577 | Depths:5 | Killed an ancient lich
 47638 | Depths:5 | Killed Dayhig's ghost
 47693 | Depths:5 | Found a runed door.
 47782 | Depths:5 | Reached skill level 20 in Fighting
 47963 | Depths:5 | Found a gate to the Realm of Zot.
 47990 | Depths:5 | Reached XP level 25. HP: 201/208 MP: 28/28
 48205 | Depths:5 | Got a transparent zirconium amulet
 48206 | Depths:5 | Identified the amulet of Edeseneb {Reflect rElec Str-5
                  | Int-2 Dex+8 SH+4} (You found it on level 5 of the Depths)
 48972 | Vaults:5 | Entered Level 5 of the Vaults
 48980 | Vaults:5 | Reached skill level 15 in Dodging
 49349 | Vaults:5 | Reached skill level 15 in Stealth
 49526 | Vaults:5 | Reached skill level 10 in Throwing
 50133 | Vaults:5 | Identified the Reference Book on Helpful Translocation
 50158 | Vaults:5 | Gained mutation: A frigid envelope surrounds you and
                  | freezes all who hurt you. [demonic ancestry]
 50158 | Vaults:5 | Reached XP level 26. HP: 191/218 MP: 28/28
 50350 | Vaults:5 | Got a silver rune of Zot
 50640 | Crypt:1  | Entered Level 1 of the Crypt
 50710 | Crypt:1  | Noticed Margery
 50730 | Crypt:1  | Killed Margery
 51051 | Crypt:1  | Reached skill level 21 in Fighting
 51239 | Crypt:1  | Noticed Donald
 51252 | Crypt:1  | Killed Donald
 52055 | Crypt:2  | Noticed Xtahua
 52061 | Crypt:2  | Killed Xtahua
 52064 | Crypt:2  | Found an ancient bone altar of Kikubaaqudgha.
 52741 | Crypt:2  | Found the +6 Majin-Bo {vamp, Archmagi MP+6 Int+6}
 52843 | Crypt:3  | Entered Level 3 of the Crypt
 53242 | Crypt:3  | Identified the +1 plate armour of Magic {*Contam Str+4
                  | Slay+3} (You found it on level 3 of the Crypt)
 53935 | Crypt:3  | Got a faintly glowing tin ring
 53936 | Crypt:3  | Identified the ring "Wiuvysed" {rF+ rC+ Dex+2 Stlth+} (You
                  | found it on level 3 of the Crypt)
 53991 | Crypt:3  | Identified the Collected Works on Attacks
 54191 | Crypt:3  | Found a staircase to the Tomb.
 54698 | Crypt:3  | Found the brooch of Shielding {Reflect SH+8}
 54699 | Crypt:3  | Identified the Collected Works on the Mountains and
                  | Creation
 54705 | Crypt:3  | Identified the Reference Book on Malediction
 55172 | Lair:3   | Killed Foll's ghost
 55243 | Slime:1  | Entered Level 1 of the Pits of Slime
 55378 | Slime:2  | Gained mutation: You tend to lose your temper in combat. [a
                  | shining eye]
 55380 | Slime:2  | Gained mutation: Scrolls take you a little longer to read.
                  | [a shining eye]
 55417 | Slime:4  | Gained mutation: You are resistant to hostile enchantments.
                  | (MR+) [a shining eye]
 55420 | Slime:4  | Reached XP level 27. HP: 227/227 MP: 24/28
 55427 | Slime:4  | Gained mutation: You are clumsy. (Dex -2) [a shining eye]
 55470 | Slime:5  | Entered Level 5 of the Pits of Slime
 55493 | Slime:5  | Gained mutation: Scrolls take you longer to read. [a
                  | shining eye]
 55495 | Slime:5  | Gained mutation: Potions are less effective at restoring
                  | your health. [a shining eye]
 55499 | Slime:5  | Gained mutation: You occasionally shout uncontrollably at
                  | your foes. [a shining eye]
 55502 | Slime:5  | Gained mutation: You often lose your temper in combat. [a
                  | shining eye]
 55689 | Slime:5  | Found a viscous altar of Jiyva.
 55697 | Slime:5  | Found the ring of Phasing {EV+8}
 55831 | Slime:5  | Noticed the Royal Jelly
 55855 | Slime:5  | Killed the Royal Jelly
 55866 | Slime:5  | HP: 10/231 [acid blob[the Royal Jelly] (31)]
 55866 | Slime:5  | HP: 1/231 [acid[the Royal Jelly] (9)]
 55867 | Slime:5  | Slain by an acid blob

Vault maps used:
D:1:      dpeg_arrival_solitude
D:2:      grunt_temple_overflow_opulence
D:3:      fiery_altar_vehumet, ebering_ghost_inner_flame,
          hangedman_abyss_or_decor_stabs
D:4:      dancing_weapons_uskayaw, grunt_temple_overflow_diamond, first_ration,
          gammafunk_ghost_smash, item_on_display_a, uniq_duvessa
D:5:      kennysheep_mini, minmay_temple_entry_trees,
          nicolae_ossuary_entry_false_entrances, serial_glass, glass_columns_b,
          glass_columns_b, minmay_strange_pillars, feat_on_display,
          feat_on_display, minmay_fire_ice_demons
D:6:      zin_purify, chequers_temple_overflow_minitemple, gup_sewer_entry_pipe
D:7:      uniq_prince_ribbit1, uniq_crazy_yiuf_cottage
D:8:      minmay_misc_feat_roman
D:9:      lemuel_round_altar
D:10:     ebering_ghost_xom, grunt_tengu_nest
D:11:     david_lair_generic, enter_trove_3, uniq_grum, uniq_nergalle,
          uniq_harold
D:12:     orc_0_dummy
D:13:     cheibrodos_body_horror
D:14:     david_vaults_5, minivault_14, maelrawn_ghost_labyrinth_escape
D:15:     hangedman_depths_entry_try_elsewhere_first, fedhas_altar_4
Lair:1:   minivault_27, uniq_fannar
Lair:2:   minmay_swamp_entry_worms, nicolae_spider_entry_orb_guardian,
          special_room, ebering_ghost_disaster_area, minivault_19,
          lemuel_fruit_tree
Lair:3:   cheibrodos_lair_river_kwai, gammafunk_ghost_hydra_chop,
          infiniplex_staircase_pool_2
Lair:4:   ebering_ghost_disaster_area, uniq_rupert, uniq_snorg
Lair:5:   slime_altar_2, lab_entry_generic, grunt_forest_large_clearings
Lair:6:   wormcave, serial_bayou, serial_bayou_pond_c, serial_bayou_lagoon_b,
          serial_bayou_pond_a, serial_bayou_ford_a, serial_bayou_pond_c,
          wad_woods_antlair
Swamp:1:  evilmike_swamp_ruin_house_2
Swamp:2:  cheibrodos_swamp_monstrosity, hangedman_swamp_lotus, swamp_pool1,
          infiniplex_staircase_pool, uniq_frances, uniq_roxanne
Swamp:3:  evilmike_swamp_ruin_house_1
Swamp:4:  swamp_fiery, swamp_pool1, grunt_witch_cave
Spider:3: nicolae_spider_shape
Spider:4: grunt_spider_rune_circles
Orc:1:    gammafunk_beogh_shrine, basic_altar
Orc:2:    st_orc_rangers, gammafunk_ghost_grave, serial_shops, shop,
          special_room, abandoned_shop, roderic_batcave
Elf:1:    minmay_elf_arrival_summoners, serial_shops, shop,
          hangedman_elf_disciples, minmay_the_grid_square_5x5_3x3_mashed
Elf:2:    nemelex_altar_shiori
Elf:3:    minmay_elf_hall_furrowed, special_room, serial_shops,
          nicolae_shop_trees, uniq_nikola
Vaults:1: nicolae_vaults_little_squares_1, v_misc_23, vaults_dpeg_encased_lava,
          grunt_vaults_focal, hangedman_vaults_hat, ontoclasm_vaults_chip,
          v_misc_30, hangedman_vaults_stagger, v_rooms_5,
          hangedman_vaults_locks, nicolae_vaults_bisected_slash,
          vaults_room_stairs_pillars, ontoclasm_vaults_ligature, st_more_cells,
          ontoclasm_vaults_gateway, serial_shops, shop, shop,
          nicolae_shop_overgrown_old_shop, nicolae_shop_stone
Vaults:2: vaults_dpeg_doors, minmay_crypt_entry_simple_walls,
          vaults_mumra_chevron_long, ontoclasm_vaults_ring_small,
          vaults_room_corners, hangedman_vaults_slice, v_misc_27,
          vaults_room_stairs_pillars, vaults_room_corners, v_misc_22,
          ontoclasm_vaults_spin, serial_shops, statue_bzr, shop, uniq_frederick
Vaults:3: v_pattern_4, v_alt_pattern_3, nicolae_vaults_network_quincunx,
          vaults_dpeg_hooks, ontoclasm_vaults_ring_square, grunt_vaults_swirl,
          st_cells, v_misc_8, v_misc_14, v_misc_18, v_misc_32, v_misc_9,
          nicolae_vaults_little_squares_6
Vaults:4: grunt_vaults_twisty, st_lattice,
          vaults_standard_mumra_enter_the_diamond,
          vaults_room_grunt_arrival_checkpoint, grunt_vaults_funnel,
          hangedman_vaults_trim, ontoclasm_vaults_chip,
          grunt_vaults_hallway_short
Crypt:1:  uniq_margery, uniq_donald
Crypt:2:  minmay_guarded_unrand_majin_bo, small_statue_intersection, hex_large,
          lemuel_mausoleum_altar_kikubaaqudgha, lemuel_elevator, uniq_xtahua
Crypt:3:  due_elkab, tomb_entry_simple_bobbens
Depths:1: hangedman_decor_push, hell_entry, serial_sigils_hangedman_gut,
          minmay_misc_feat_doors, abandoned_shop, aerie_lemuel, uniq_asterion
Depths:2: minmay_expanding_squares, serial_shops, shop, shop, nicolae_sextant,
          mu_enter_wizlab_5, hell_entry, kennysheep_treasure_room,
          minmay_staircase_windowed_small, serial_bayou_shore_a,
          kennysheep_random_hallway, serial_bayou_shore_b
Depths:3: cheibrodos_birdhouse, enter_ziggurat_c, hell_entry,
          rand_demon_pan_entry_3, ebering_ghost_rock_garden,
          minmay_stone_trees_medium
Depths:4: hangedman_elemental_death_ray, corexii_leaking_fountain,
          grunt_hell_entry_dis_grunt, abyss_entry, infiniplex_staircase_zigzag_3
Depths:5: lemuel_castle_with_subvaults, muffindrake_ghost_dual_entry,
          minmay_misc_feat_rugged, hangedman_tar_grid_catacomb,
          corexii_corridor_pit
Lab:      nicolae_lab_grate, nicolae_lab_arrow, nicolae_lab_statue,
          nicolae_lab_very_dead_end
Bazaar:   bazaar_jpeg_circle_common
Trove:    trove_alchemists_storehouse
Sewer:    sewer_sea
Ossuary:  ossuary_tomb_1
WizLab:   wizlab_wucad

Skill      XL: |  1  2  3  4  5  6  7  8  9 10 11 12 13 14 15 16 17 18 19 20 21 22 23 24 25 26 27 |
---------------+----------------------------------------------------------------------------------+-----
Short Blades   | 1 |  1.4
Fighting       | 2 3 4 5 6 8 9 10 12 13 14 15 17 18 19 20 21 | 21.9
Axes           | 2 4 5 7 9 12 14 15 16 17 18 | 18.0
Dodging        | 4 6 7 9 10 11 12 13 14 15 16 17 | 17.2
Shields        | 1 4 7 10 11 12 13 15 | 15.2
Armour         | 1 5 8 9 10 11 12 13 14 15 16 18 | 18.3
Stealth        | 4 8 11 12 14 15 16 | 16.3
Evocations     | 4 6 |  6.9
Throwing       | 3 5 8 10 11 | 11.0

Action                   |  1- 3 |  4- 6 |  7- 9 | 10-12 | 13-15 | 16-18 | 19-21 | 22-24 | 25-27 || total
-------------------------+-------+-------+-------+-------+-------+-------+-------+-------+-------++-------
Melee: Short sword       |   145 |   104 |       |       |       |       |       |       |       ||   249
       Hand axe          |       |   220 |   211 |       |     8 |    34 |       |       |       ||   473
       Falchion          |       |       |   164 |    34 |       |       |       |       |       ||   198
       Broad axe         |       |       |    62 |   367 |   856 |   944 |   319 |  1205 |  1145 ||  4898
       War axe           |       |       |       |       |   126 |    85 |   647 |       |       ||   858
       Kick              |       |       |       |       |    95 |   396 |   413 |   572 |   643 ||  2119
Throw: Stone             |     3 |     2 |       |       |       |       |       |       |       ||     5
       Throwing net      |       |       |       |     1 |       |       |       |       |       ||     1
       Javelin           |       |       |       |       |       |     3 |       |     4 |       ||     7
Invok: Potion Petition   |       |     1 |       |       |       |       |       |     1 |       ||     2
       Call Merchant     |       |       |       |       |       |       |     2 |       |       ||     2
 Abil: Evoke Flight      |       |       |       |     1 |       |       |       |       |       ||     1
Evoke: Wand              |    10 |    21 |     6 |       |    21 |     4 |     4 |     2 |     1 ||    69
       Phial of floods   |       |       |       |       |       |     1 |       |       |       ||     1
       Lamp of fire      |       |       |       |       |       |     1 |     1 |     2 |       ||     4
  Use: Scroll            |       |     8 |    13 |     4 |    21 |     8 |     7 |    11 |     9 ||    81
       Potion            |       |     4 |       |     6 |     4 |     3 |     7 |     6 |     7 ||    37
 Stab: Distracted        |       |     1 |     2 |     8 |    15 |    16 |    13 |    50 |    50 ||   155
       Invisible         |       |     4 |       |     2 |     5 |       |       |       |       ||    11
       Sleeping          |       |       |     2 |       |       |       |     2 |    23 |    44 ||    71
       Confused          |       |       |       |       |       |     4 |       |       |       ||     4
  Eat: Chunk             |     1 |       |       |       |       |       |       |       |       ||     1
       Ration            |       |     3 |     4 |     5 |    11 |     8 |     6 |     9 |     8 ||    54
Armor: Ring mail         |    62 |   130 |       |       |       |       |       |       |       ||   192
       Leather armour    |     3 |    13 |   121 |    25 |       |       |       |       |       ||   162
       Skin              |       |    19 |       |    13 |       |       |       |       |       ||    32
       Chain mail        |       |       |    37 |   155 |   107 |       |       |       |       ||   299
       Pearl dragon scal |       |       |       |       |   272 |   277 |       |       |       ||   549
       Plate armour      |       |       |       |       |       |    67 |   183 |   340 |   276 ||   866
Dodge: Dodged            |    87 |   201 |   244 |   229 |   653 |   637 |   260 |   497 |   369 ||  3177
Block: Buckler           |       |       |       |    67 |    58 |       |       |       |       ||   125
       Shield            |       |       |       |       |   430 |   711 |   492 |   777 |   679 ||  3089
       Reflection        |       |       |       |       |    14 |    29 |    49 |     1 |       ||    93
       Rpst.: Falchion   |       |       |    23 |     4 |       |       |       |       |       ||    27

Table legend:
 A = Non-vault XP
 B = Vault XP
 C = Vault XP percentage of total XP
 D = Non-vault monster count
 E = Vault monster count
 F = Vault count percentage of total count
                 A         B        C        D         E       F
            +---------+---------+-------+---------+---------+-------
      Total |  666265 |  624850 |  48.4 |    1587 |     926 |  36.8
            +---------+---------+-------+---------+---------+-------
        D:1 |      23 |       0 |   0.0 |      15 |       0 |   0.0
        D:2 |      95 |       0 |   0.0 |      26 |       0 |   0.0
        D:3 |     254 |       0 |   0.0 |      34 |       0 |   0.0
        D:4 |     146 |     183 |  55.6 |      10 |       2 |  16.7
        D:5 |     666 |      60 |   8.3 |      23 |       2 |   8.0
        D:6 |    1464 |      14 |   0.9 |      18 |       6 |  25.0
        D:7 |     484 |     300 |  38.3 |      17 |       2 |  10.5
        D:8 |    1090 |       0 |   0.0 |      27 |       0 |   0.0
        D:9 |     470 |       0 |   0.0 |      14 |       0 |   0.0
       D:10 |    1951 |     727 |  27.1 |      22 |       1 |   4.3
       D:11 |    3912 |    2851 |  42.2 |      31 |       9 |  22.5
       D:12 |    4104 |       0 |   0.0 |      37 |       0 |   0.0
       D:13 |    6058 |    5317 |  46.7 |      36 |      14 |  28.0
       D:14 |    5519 |    9048 |  62.1 |      19 |      14 |  42.4
       D:15 |   10990 |    1809 |  14.1 |      29 |       3 |   9.4
     Lair:1 |    4982 |     713 |  12.5 |      28 |       1 |   3.4
     Lair:2 |    2665 |    2397 |  47.4 |      15 |      27 |  64.3
     Lair:3 |    1958 |    6297 |  76.3 |      10 |      10 |  50.0
     Lair:4 |    1954 |    3043 |  60.9 |      11 |       1 |   8.3
     Lair:5 |    3311 |    4782 |  59.1 |      14 |      44 |  75.9
     Lair:6 |    8501 |   10052 |  54.2 |      45 |      32 |  41.6
    Swamp:1 |   22347 |       0 |   0.0 |      55 |       0 |   0.0
    Swamp:2 |   11980 |    6747 |  36.0 |      37 |       3 |   7.5
    Swamp:3 |    5283 |       0 |   0.0 |      13 |       0 |   0.0
    Swamp:4 |    4601 |   14426 |  75.8 |      12 |      22 |  64.7
   Spider:1 |   20196 |       0 |   0.0 |      66 |       0 |   0.0
   Spider:2 |    8267 |       0 |   0.0 |      26 |       0 |   0.0
   Spider:3 |   17785 |    2528 |  12.4 |      41 |       8 |  16.3
   Spider:4 |   14051 |   23305 |  62.4 |      35 |      42 |  54.5
    Slime:1 |    8705 |       0 |   0.0 |      17 |       0 |   0.0
    Slime:2 |     517 |       0 |   0.0 |       1 |       0 |   0.0
    Slime:3 |    1752 |       0 |   0.0 |       1 |       0 |   0.0
    Slime:4 |   12363 |       0 |   0.0 |      21 |       0 |   0.0
    Slime:5 |   11256 |   28143 |  71.4 |      30 |      11 |  26.8
      Orc:1 |     580 |    5713 |  90.8 |       7 |      15 |  68.2
      Orc:2 |    4339 |    7011 |  61.8 |      44 |      45 |  50.6
      Elf:1 |   23366 |   16375 |  41.2 |      40 |      28 |  41.2
      Elf:2 |   20213 |    1522 |   7.0 |      32 |       2 |   5.9
      Elf:3 |    9025 |   52822 |  85.4 |      14 |      51 |  78.5
   Vaults:1 |   25869 |   24063 |  48.2 |      58 |      32 |  35.6
   Vaults:2 |   26828 |   14498 |  35.1 |      52 |      20 |  27.8
   Vaults:3 |   45712 |   26802 |  37.0 |      62 |      33 |  34.7
   Vaults:4 |   34372 |   24777 |  41.9 |      51 |      31 |  37.8
   Vaults:5 |   38726 |  118217 |  75.3 |      70 |      87 |  55.4
    Crypt:1 |   51062 |   10053 |  16.4 |      66 |       7 |   9.6
    Crypt:2 |   15831 |   13692 |  46.4 |      23 |      21 |  47.7
    Crypt:3 |   18670 |   46281 |  71.3 |      37 |      67 |  64.4
   Depths:1 |   35928 |    9242 |  20.5 |      48 |      36 |  42.9
   Depths:2 |   20864 |   32967 |  61.2 |      33 |      29 |  46.8
   Depths:3 |   45810 |   14210 |  23.7 |      56 |      17 |  23.3
   Depths:4 |   27872 |    9788 |  26.0 |      43 |      14 |  24.6
   Depths:5 |   20368 |   70908 |  77.7 |      14 |      54 |  79.4
        Lab |    1130 |    1569 |  58.1 |       1 |       7 |  87.5
      Sewer |       0 |     152 | 100.0 |       0 |      36 | 100.0
    Ossuary |       0 |     224 | 100.0 |       0 |      39 | 100.0
     WizLab |       0 |    1222 | 100.0 |       0 |       1 | 100.0
            +---------+---------+-------+---------+---------+-------
